 Dungeon Crawl Stone Soup version 0.32-a0-576-g706899e69d (webtiles) character file.

Game seed: 6768588055278907342

2244 growler the Carver (level 9, -9/62 (71) HPs)
             Began as a Coglin Cinder Acolyte on Mar 2, 2024.
             Was an Elder of Ignis.
             Mangled by a wight
             ... wielding a +1 heavy trident
              (18 damage)
             ... on level 6 of the Dungeon.
             The game lasted 00:30:32 (9161 turns).

growler the Carver (Coglin Cinder Acolyte)          Turns: 9161, Time: 00:30:33

HP:   -9/62 (71)    AC:  5    Str: 23    XL:     9   Next: 37%
MP:   9/9           EV: 11    Int: 15    God:    Ignis [****..]
Gold: 268           SH:  0    Dex:  9    Spells: 10/10 levels left

rFire   + + .        a - -1 falchion (flame) {Qiuyue}
rCold   . . .        s - +1 dagger (flame) {Eiko}
rNeg    . . .        n - +1 leather armour of Hide-and-Seek {+Inv rPois rF+ Int+3}
rPois   +            (no helmet)
rElec   .            (no cloak)
rCorr   .            (no gloves)
SInv    .            e - +0 pair of boots
Will    .....        (amulet unavailable)
Stlth   +            (ring unavailable)
HPRegen 0.30/turn    (ring unavailable)
MPRegen 0.11/turn    (no gizmo)

%: no passive effects
@: heavily drained, revved
A: off-hand wielding, slow wielding, warmup strikes, no jewellery, low MP 1,
mutation resistance 1, strong 1
a: Invent Gizmo, Renounce Religion, Evoke Invisibility, Fiery Armour, Foxfire
Swarm


You were on level 6 of the Dungeon.
You worshipped Ignis.
Ignis was greatly pleased with you.
You visited 1 branch of the dungeon, and saw 7 of its levels.

You collected 268 gold pieces.

Inventory:

Hand Weapons
 a - a -1 falchion of flaming (weapon) {Qiuyue}
 c - a +0 dagger {Jubei}
 s - a +1 dagger of flaming (offhand) {Eiko}
Missiles
 w - a throwing net
Armour
 b - a +0 robe
 e - a +0 pair of boots (worn)
 n - the +1 leather armour of Hide-and-Seek (worn) {+Inv rPois rF+ Int+3}
   (You found it on level 2 of the Dungeon)

   Int+3:     It affects your intelligence (+3).
   rF+:       It protects you from fire.
   rPois:     It protects you from poison.
   +Inv:      It lets you turn invisible.
Wands
 d - a wand of flame (13)
Scrolls
 f - 3 scrolls of teleportation
 h - a scroll of acquirement {unknown}
 i - a scroll of summoning {unknown}
 j - 2 scrolls of immolation
 l - a scroll of noise {unknown}
 m - 2 scrolls of poison
 o - a scroll of torment {unknown}
 q - a scroll of brand weapon {unknown}
 r - a scroll of amnesia
 t - a scroll of silence {unknown}
 v - a scroll of blinking {unknown}
Potions
 p - a potion of lignification {unknown}
 u - a potion of attraction {unknown}


   Skills:
 + Level 6.9 Fighting
 * Level 9.4 Long Blades
 - Level 1.0 Spellcasting
 - Level 2.6 Fire Magic
 + Level 7.2 Evocations


You had 10 spell levels left.
You didn't know any spells.
Your spell library contained the following spells:

 Spells                   Type           Power      Damage    Failure   Level
 Scorch                   Fire           16%        2d5       14%         2
 Freeze                   Ice            0%         1d3       28%         1
 Frozen Ramparts          Ice            0%         1d1       63%         3
 Hailstorm                Conj/Ice       0%         3d5       63%         3


Dungeon Overview and Level Annotations

Branches:
Dungeon (7/15)
 Temple: D:4-7

Altars:
Elyvilon
Gozag
Kikubaaqudgha
Ru
Yredelemnul

Shops:
D:2 [   D:3 ?   D:4 ?*[[(


Innate Abilities, Weirdness & Mutations

You can wield a second weapon in your off-hand.
It takes a long time for you to wield or remove held weapons.
Your first few attacks do less damage.
You cannot equip rings or amulets.
Your magical capacity is low. (-10% MP)
You are somewhat resistant to further mutation.
Your muscles are strong. (Str +4, Int/Dex -1)


Message History

The orc wizard shouts!
The orc shouts!
You climb upwards.
There is a stone staircase leading down here.
You closely miss the wight with your +1 dagger of flaming.
You hit the wight but do no damage.
The wight hits you with a +1 heavy trident!
You hit the wight but do no damage.
You closely miss the wight with your -1 falchion of flaming.
You hit the wight with your -1 falchion of flaming.
You burn the wight.
The wight is moderately damaged.
You hit the wight but do no damage.
The wight hits you with a +1 heavy trident!
You feel drained.
You closely miss the wight with your -1 falchion of flaming.
The wight is moderately damaged.
You hit the wight but do no damage.
You hit the wight with your +1 dagger of flaming.
You burn the wight.
The wight is heavily damaged.
You hit the wight but do no damage.
The wight hits you with a +1 heavy trident!
* * * LOW HITPOINT WARNING * * *
You feel drained.
* * * LOW HITPOINT WARNING * * *
You hit the wight but do no damage.
The wight is moderately damaged.
You hit the wight but do no damage. You hit the wight but do no damage.
The wight is moderately damaged.
You barely miss the wight with your -1 falchion of flaming.
The wight hits you with a +1 heavy trident!
* * * LOW HITPOINT WARNING * * *
You feel drained.
You closely miss the wight with your -1 falchion of flaming.
The wight is moderately damaged.
You barely miss the wight with your +1 dagger of flaming.
The wight hits you with a +1 heavy trident!!
You die...
Ignis goes out, and joins you in death.

##.....######.##
#.# #.###.# ##.#.##
#.# #.#
#.####.###.######.#
#.# #.....##
##.......# #.#
######.###.########
#.# ##.#.##
######.### ##.##
.........########.#
######.#.#.....z@.#
.......#.#.########
...#####.#.# ##.#
#.#.# #.# #.#.# #.#
#.#.## #.# #....#
#.# ###..# #.# #..#


You could see a wight.

Vanquished Creatures
  Grinder (D:6)
  Sigmund (D:3)
  A sky beast (D:6)
  2 ice beasts (D:6)
  A black bear (D:6)
  4 ogres
  A weeping skull (D:6)
  A scorpion (D:4)
  3 howler monkeys
  2 bombardier beetles (D:4)
  4 hounds
  4 jellies
  5 orc priests
  A sleepcap (D:5)
  2 iguanas (D:4)
  6 orc wizards
  A gnoll (D:1)
  10 adders
  A shadow imp (D:6)
  A white imp (D:6)
  2 ufetubi (D:6)
  2 ribbon worms
  2 dart slugs
  21 orcs
  2 bat zombies (D:4)
  8 endoplasms
  3 giant cockroaches
  9 goblins
  4 hobgoblins
  13 jackals
  7 kobolds
  4 quokkas
  12 ball pythons
  6 bats
  7 frilled lizards
  A frilled lizard zombie (D:4)
  6 rats
  A spectral orc (D:6)
162 creatures vanquished.

Vanquished Creatures (others)
  An orc wizard (D:4)
  18 foxfires (D:3)
19 creatures vanquished.

Grand Total: 181 creatures vanquished

Notes
Turn   | Place    | Note
-------+----------+-------------------------------------------
     0 | D:1      | growler the Coglin Cinder Acolyte began the quest for the
                  | Orb.
     0 | D:1      | Reached XP level 1. HP: 18/18 MP: 2/2
   120 | D:1      | Reached XP level 2. HP: 24/24 MP: 3/3
   360 | D:1      | Reached XP level 3. HP: 27/29 MP: 4/4
   487 | D:1      | Reached skill level 4 in Long Blades
  1000 | D:2      | Reached XP level 4. HP: 26/37 MP: 5/5
  1155 | D:2      | Found Mesotey's Antique Armour Shoppe.
  1234 | D:2      | Identified the +1 leather armour of Hide-and-Seek {+Inv
                  | rPois rF+ Int+3}
  1752 | D:3      | Found a white marble altar of Elyvilon.
  1782 | D:3      | Reached XP level 5. HP: 38/42 MP: 6/6
  1784 | D:3      | Reached skill level 1 in Evocations
  1955 | D:3      | Found a faded altar of an unknown god.
  2037 | D:3      | Reached skill level 5 in Long Blades
  2054 | D:3      | Found Cotietuf's Magic Scroll Shoppe.
  2356 | D:3      | Noticed Sigmund
  2397 | D:3      | Gained mutation: Your magical capacity is low. (-10% MP)
                  | [potion of mutation]
  2397 | D:3      | Gained mutation: Your muscles are strong. (Str +4, Int/Dex
                  | -1) [potion of mutation]
  2397 | D:3      | Gained mutation: You are somewhat resistant to further
                  | mutation. [potion of mutation]
  2402 | D:3      | Killed Sigmund
  2403 | D:3      | Reached XP level 6. HP: 36/49 MP: 6/6
  2812 | D:3      | Reached skill level 6 in Long Blades
  3086 | D:4      | Reached XP level 7. HP: 53/55 MP: 7/7
  3761 | D:4      | Found Racs's General Store.
  3768 | D:4      | Found Axoisul's Magic Scroll Emporium.
  3797 | D:4      | Found Dehir's Armour Boutique.
  3884 | D:4      | Reached skill level 5 in Fighting
  4378 | D:4      | Found Deawukhli's Armour Emporium.
  4405 | D:4      | Found Wuikeeh's Antique Weapon Boutique.
  4533 | D:4      | Found a sacrificial altar of Ru.
  4534 | D:4      | Found an opulent altar of Gozag.
  4553 | D:4      | Reached skill level 7 in Long Blades
  4968 | D:4      | Found an ancient bone altar of Kikubaaqudgha.
  5168 | D:5      | Entered Level 5 of the Dungeon
  5177 | D:5      | Reached XP level 8. HP: 63/63 MP: 8/8
  5238 | D:5      | Reached skill level 5 in Evocations
  6992 | D:5      | Found a faded altar of an unknown god.
  6992 | D:5      | Found the Hermit's Pendant {Faith Invo=14 Evo=0 MP+5}
  7204 | D:6      | HP: 2/64 [sky beast (6)]
  7207 | D:6      | Reached skill level 8 in Long Blades
  7406 | D:6      | Noticed Grinder
  7773 | D:6      | Killed Grinder
  7774 | D:6      | Reached XP level 9. HP: 62/71 MP: 9/9
  8221 | D:6      | Reached skill level 9 in Long Blades
  8587 | D:6      | Found a basalt altar of Yredelemnul.
  9161 | D:6      | Mangled by a wight

Illustrated notes

Levels and vault maps discovered:
D:1:      matt_arrival_los_fun, layout_loops_ring
D:2:      layout_loops_ring, serial_shops, nicolae_shop_real_fake_doors
D:3:      layout_basic, overflow_temple_1_default, serial_shops,
          nicolae_shop_advertising_works [nicolae_subvault_shop_adworks],
          ebering_ecumenical_altar_hall, uniq_sigmund
D:4:      layout_layer_cave, gammafunk_temple_overflow_pools,
          lemuel_zombie_altar_kikubaaqudgha, serial_shops, shop, shop, shop,
          shop, shop
D:5:      layout_loops_ring, hellmonk_guarded_unrand_hermit
D:6:      layout_loops_ring, yredelemnul_forgotten_temple_becter, uniq_grinder
D:7:      layout_gridville, minmay_temple_entry_ruins

Skill      XL: |  1  2  3  4  5  6  7  8  9 |
---------------+----------------------------+-----
Long Blades    | 4 5 6 7 8 9 |  9.4
Evocations     | 3 4 6 7 |  7.2
Fighting       | 4 5 6 |  6.9
Spellcasting   | |  1.0
Fire Magic     | |  2.6

Action                     |  1- 3 |  4- 6 |  7- 9 || total
---------------------------+-------+-------+-------++-------
  Melee: Falchion          |    82 |   161 |   385 ||   628
         Dagger            |    74 |   149 |   385 ||   608
 Invoke: Fiery Armour      |     1 |     1 |     2 ||     4
         Foxfire Swarm     |       |     1 |       ||     1
         Rising Flame      |       |       |     1 ||     1
  Evoke: Wand              |       |       |     5 ||     5
    Use: Potion            |       |     2 |     2 ||     4
         Scroll            |       |       |     7 ||     7
   Stab: Sleeping          |     1 |       |       ||     1
 Armour: Robe              |    50 |    14 |       ||    64
         Leather armour    |       |    83 |   240 ||   323
  Dodge: Dodged            |    62 |    62 |   174 ||   298

Table legend: (Time is in decaauts)
 A = Elapsed time spent in this place.
 B = Non-inter-level travel time spent in this place.
 C = Inter-level travel time spent in this place.
 D = Time resting spent in this place.
 E = Time spent auto-exploring this place.
 F = Levels seen in this place.
 G = Mean time per level.
                   A        B        C        D        E       F      G
               +--------+--------+--------+--------+--------+-----+--------+
         Total |   9108 |   8743 |    365 |   1835 |   5355 |   7 | 1301.1 |
       Dungeon |   9108 |   8743 |    365 |   1835 |   5355 |   7 | 1301.1 |
               +--------+--------+--------+--------+--------+-----+--------+

Top non-repeatable levels by time:
     D:4: 2755 daAuts
     D:6: 1662 daAuts
     D:3: 1608 daAuts
     D:5: 1215 daAuts
     D:2: 959 daAuts
     D:1: 897 daAuts
     D:7: 9 daAuts
